 Dungeon Crawl Stone Soup version 0.18.1-8-gdd0e5ea (webtiles) character file.

13 juanjsm the Insei (level 2, 0/18 HPs)
             Began as an Octopode Transmuter on June 7, 2016.
             Slain by a jackal (2 damage)
             ... on level 1 of the Dungeon.
             The game lasted 00:02:06 (185 turns).

juanjsm the Insei (Octopode Transmuter)              Turns: 185, Time: 00:02:07

Health: 0/18       AC:  1    Str:  9    XL:     2   Next: 37%
Magic:  3/5        EV: 12    Int: 15    God:
Gold:   28         SH:  0    Dex: 12    Spells: 1 memorised, 4 levels left

rFire  . . .     SeeInvis .       - Unarmed
rCold  . . .     Gourm    .     (no shield)
rNeg   . . .     Faith    .     (helmet restricted)
rPois  .         Spirit   .     (no amulet)
rElec  .         Dismiss  .     (no ring)
rCorr  .         Reflect  .     (no ring)
SustAt .         Harm     .     (no ring)
MR     .....                    (no ring)
Stlth  +++.......               (no ring)
                                (no ring)
                                (no ring)
                                (no ring)

@: appendage (expiring), very slightly contaminated, not resistant to hostile
enchantments, fairly stealthy
A: almost no armour, amphibious, 8 rings, constrict 8, tentacle spike 3,
camouflage 1, gelatinous body 1
a: End Transformation


You were on level 1 of the Dungeon.
You were not hungry.
One of your tentacles had a temporary spike.
You visited 1 branch of the dungeon, and saw 2 of its levels.

You collected 28 gold pieces.

Inventory:

Hand Weapons
 i - a +1 whip of electrocution
Missiles
 a - 39 arrows
 d - 16 poisoned needles
 h - 49 stones (quivered)
Scrolls
 e - a scroll of fear {unknown}
 f - a scroll of teleportation {unknown}
 j - a scroll of noise {unknown}
Potions
 k - a potion of ambrosia {unknown}
Books
 b - a book of Changes

   Spells                             Type                      Level
   a - Beastly Appendage              Transmutation                1
   b - Sticks to Snakes               Transmutation                2
   c - Spider Form                    Transmutation/Poison         3
   d - Ice Form                       Ice/Transmutation            4
   e - Blade Hands                    Transmutation                5
Comestibles
 c - a bread ration
 g - 4 chunks of flesh


   Skills:
 - Level 1.0 Fighting
 * Level 2.1 Dodging
 * Level 1.9 Stealth
 * Level 3.3 Unarmed Combat
 - Level 2.0 Spellcasting
 - Level 2.0 Transmutations


You had 4 spell levels left.
You knew the following spells:

 Your Spells              Type           Power        Failure   Level  Hunger
a - Beastly Appendage     Trmt           #.....       12%         1    #......


Dungeon Overview and Level Annotations

Branches:
Dungeon (2/15)

Altars:


Innate Abilities, Weirdness & Mutations

You cannot wear most types of armour.
You are amphibious.
You can wear up to eight rings at the same time.
You can use your tentacles to constrict eight enemies at once.
Your skin changes colour to match your surroundings (Stealth).
Your rubbery body absorbs attacks (AC +1).
One of your tentacles bears a large vicious spike.


Message History

The jackal is almost dead.
You constrict the jackal, but do no damage.
The bat closely misses you. The bat hits you but does no damage.
The jackal misses you. The kobold closely misses you. The jackal bites you.
A hobgoblin comes into view. It is wielding a club.
The hobgoblin shouts!
You tentacle-slap the kobold.
You kill the kobold!
You constrict the jackal, but do no damage.
The bat closely misses you. The jackal closely misses you.
The jackal bites you. The rat bites you.
You tentacle-slap the rat.
You kill the rat!
You constrict the jackal, but do no damage.
The jackal bites you.
* * * LOW HITPOINT WARNING * * *
The jackal barely misses you. The giant newt bites you.
* * * LOW HITPOINT WARNING * * *
The jackal barely misses you. The bat barely misses you. The jackal bites you.
You die...

##...................###
##.###.................#
...#
#........†.......###
.###
#.###.........#.....
.###
#.#%#...............
....
..###............... .#
................... ##
....>....K........ ##..
.......@h?....... .....
......lhb...g.... .....
.....s.r......... ##...
................. ..
................. #####
................ ....
.!............# ..##
...............


You could see 2 jackals, a giant cockroach, a hobgoblin, a bat, a kobold, a
giant newt and a rat.

Vanquished Creatures
  A giant gecko (D:1)
  2 goblins (D:1)
  2 hobgoblins (D:1)
  4 kobolds (D:1)
  2 rats (D:1)
11 creatures vanquished.

Notes
Turn   | Place    | Note
--------------------------------------------------------------
     0 | D:1      | juanjsm the Octopode Transmuter began the quest for the Orb.
     0 | D:1      | Reached XP level 1. HP: 13/13 MP: 3/3
   117 | D:1      | Reached skill level 1 in Stealth
   134 | D:1      | Reached XP level 2. HP: 11/18 MP: 3/5
   185 | D:1      | Slain by a jackal

Skill      XL: |  1 |
---------------+----+-----
Stealth        | 1 |  1.9
Fighting       | |  1.0
Dodging        | |  2.1
Unarmed Combat | |  3.3
Spellcasting   | |  2.0
Transmutations | |  2.0

Action                   || total
-------------------------++-------
Melee: Unarmed           ||    19
       Constrict         ||     7
       Tentacles         ||     5
       Kick              ||     6
 Cast: Beastly Appendage ||     5
Armor: Skin              ||     2
Dodge: Dodged            ||    26
